 Dungeon Crawl Stone Soup version 0.30-a0-632-g346586fe48 (webtiles) character file.

Game seed: 6153012426573218138

112 Leeroy the Slasher (level 5, -8/38 HPs)
             Began as a Djinni Warper on Jan 13, 2023.
             Killed by nerve-wracking pain
             ... invoked by Grinder
              (11 damage)
             ... on level 3 of the Dungeon.
             The game lasted 00:03:03 (2373 turns).

Leeroy the Slasher (Djinni Warper)                  Turns: 2373, Time: 00:03:03

Health: -8/38      AC:  7    Str:  8 (10) XL:     5   Next: 16%
Gold:   138        EV: 11    Int: 12 (15) God:
                   SH:  0    Dex: 12 (14)

rFire   + + .      SeeInvis .    a - +0 falchion
rCold   x . .      Faith    +    (no shield)
rNeg    . . .      Spirit   .    b - +0 leather armour
rPois   ∞          Reflect  .    (no helmet)
rElec   .          Harm     .    (no cloak)
rCorr   .          Rampage  .    (no gloves)
Will    .....                    (boots unavailable)
Stlth   +                        f - amulet of faith
HPRegen 0.26/turn                i - +4 ring of protection
MPRegen 0.00/turn                (no ring)

@: on blink cooldown, flying, very slightly contaminated
A: sickness immunity, fire resistance 2, cold vulnerability 1, float, innate
caster, HP casting, extra vitality 1
a: no special abilities


You were on level 3 of the Dungeon.
You visited 1 branch of the dungeon, and saw 3 of its levels.

You collected 138 gold pieces.

Inventory:

Hand Weapons
 a - a +0 falchion (weapon)
Missiles
 d - 7 boomerangs of dispersal (quivered)
Armour
 b - a +0 leather armour (worn)
Jewellery
 f - an amulet of faith (around neck)
 i - a +4 ring of protection (left hand)
 p - a +6 ring of intelligence
Wands
 q - a wand of digging (2)
Scrolls
 c - a scroll of blinking
 e - 4 scrolls of teleportation {unknown}
 h - 6 scrolls of identify {unknown}
 k - a scroll of silence {unknown}
 l - 2 scrolls of amnesia {unknown}
 n - a scroll of poison {unknown}
 o - a scroll of brand weapon {unknown}
 r - a scroll of fear {unknown}
Potions
 j - a potion of heal wounds {unknown}
 m - a potion of curing {unknown}
 s - a potion of magic {unknown}


   Skills:
 - Level 2.0 Fighting
 + Level 4.5 Long Blades
 - Level 0.7 Throwing
 - Level 1.0 Armour
 - Level 2.1 Dodging
 - Level 2.4 Spellcasting


You couldn't memorise any spells.
You knew the following spells:

 Your Spells              Type           Power      Damage    Failure   Level
a - Blink                 Tloc           14%        N/A       21%         2
b - Lesser Beckoning      Tloc           14%        N/A       38%         3
c - Vhi's Electric Charg  Tloc/Air       14%        N/A       38%         3
d - Teleport Other        Tloc           7%         N/A       38%         3
e - Manifold Assault      Tloc           7%         N/A       80%         4
f - Beastly Appendage     Tmut           14%        N/A       14%         1
g - Scorch                Fire           14%        2d5       21%         2
Your spell library was empty.

Dungeon Overview and Level Annotations

Branches:
Dungeon (3/15)

Altars:

Annotations:
D:3 Grinder


Innate Abilities, Weirdness & Mutations

You are immune to sickness and miasma.
You are immune to poison.
Your flesh is very heat resistant. (rF++)
You are vulnerable to cold. (rC-)
You float through the air rather than walking.
You learn spells naturally, not from books.
Your magical power is your life essence.
You have superior vitality. (+4 MHP)


Message History

You kill the orc!
Grinder gestures at you. Pain shoots through your body!
You closely miss the rat. The rat closely misses you.
You hit the rat.
You kill the rat!
You slash Grinder!
Grinder is moderately wounded.
Grinder gestures at you. You resist with significant effort.
You hit Grinder.
Grinder is moderately wounded.
Grinder hits you.
You writhe in agony.
You closely miss Grinder.
Grinder is moderately wounded.
Grinder hits you.
You writhe in agony.
* * * LOW HITPOINT WARNING * * *
Casting: Beastly Appendage (safe; 11% risk of failure)
Confirm with . or Enter, or press ? or * to list all spells.
You miscast Blink.
You are very lightly contaminated with residual magic.
Nothing appears to happen.
* * * LOW HITPOINT WARNING * * *
Grinder hits you.
* * * LOW HITPOINT WARNING * * *
Casting: Blink (safe; 16% risk of failure)
Confirm with . or Enter, or press ? or * to list all spells.
You blink.
A goblin comes into view. It is wielding a +0 dagger.
The goblin shouts!
* * * LOW HITPOINT WARNING * * *
Casting: Blink (safe; 16% risk of failure)
Confirm with . or Enter, or press ? or * to list all spells.
Okay, then.
It was a potion of degeneration.
There was something very wrong with that liquid.
You feel weakened.
You feel dopey.
You feel clumsy. Grinder gestures at you. Pain shoots through your body!
You die...

#.#....#### ......#...
.#....#.. ..... #...
..g..... #... ##>.
#...... #..# #..
#.....# #..# ###
#.....##### #..# #..
#.....)§..# #..#####.#
#...5####.###........#
#....@........########
#####.###>#####
#.....# #######


You could see Grinder and a goblin.

Vanquished Creatures
  Ijyb (D:3)
  4 adders
  2 worms (D:3)
  2 dart slugs
  2 orcs (D:3)
  3 endoplasms
  A giant cockroach (D:1)
  3 goblins
  4 hobgoblins
  3 jackals (D:2)
  6 ball pythons
  4 bats
  A frilled lizard (D:2)
  3 rats
39 creatures vanquished.

Vanquished Creatures (others)
  A plant (D:1)
1 creature vanquished.

Grand Total: 40 creatures vanquished

Notes
Turn   | Place    | Note
-------+----------+-------------------------------------------
     0 | D:1      | Leeroy the Djinni Warper began the quest for the Orb.
     0 | D:1      | Leeroy set off with the following spells memorised: Blink,
                  | Lesser Beckoning, Vhi's Electric Charge, Teleport Other,
                  | Manifold Assault.
     0 | D:1      | Reached XP level 1. HP: 18/18 MP: 0/0
   249 | D:1      | Reached skill level 2 in Long Blades
   368 | D:1      | Reached XP level 2. HP: 20/23 MP: 0/0
   965 | D:2      | Reached skill level 3 in Long Blades
   965 | D:2      | Reached XP level 3. HP: 20/28 MP: 0/0
   965 | D:2      | Learned a level 1 spell: Beastly Appendage
  1658 | D:3      | Reached XP level 4. HP: 33/33 MP: 0/0
  1922 | D:3      | Noticed Ijyb
  2089 | D:3      | Killed Ijyb
  2090 | D:3      | Reached skill level 4 in Long Blades
  2234 | D:3      | Reached XP level 5. HP: 27/38 MP: 0/0
  2234 | D:3      | Learned a level 2 spell: Scorch
  2357 | D:3      | Noticed Grinder
  2357 | D:3      | Paralysed by Grinder for 4 turns
  2373 | D:3      | Killed from afar by Grinder

Illustrated notes

Levels and vault maps discovered:
D:1:      denvon_arrival_planthouse, layout_loops_cross, solitary_fountain,
          chequers_jeans, serial_bayou_lake_a
D:2:      layout_basic, minivault_25
D:3:      layout_basic, mainiacjoe_overflow_24_doors, skrybe_limestone_x,
          grunt_decor_junction, uniq_ijyb, uniq_grinder, uniq_crazy_yiuf_cottage

Skill      XL: |  1  2  3  4 |
---------------+-------------+-----
Long Blades    | 2 3 4 |  4.5
Fighting       | |  2.0
Throwing       | |  0.7
Armour         | |  1.0
Dodging        | |  2.1
Spellcasting   | |  2.4

Action                   |  1- 3 |  4- 6 || total
-------------------------+-------+-------++-------
Melee: Falchion          |    90 |   113 ||   203
       Punch             |     2 |       ||     2
       Headbutt          |       |     3 ||     3
 Cast: Teleport Other    |       |     1 ||     1
       Beastly Appendage |       |     1 ||     1
       Blink             |       |     1 ||     1
  Use: Potion            |       |     1 ||     1
Armor: Leather armour    |    54 |    53 ||   107
Dodge: Dodged            |    88 |    90 ||   178

Table legend: (Time is in decaauts)
 A = Elapsed time spent in this place.
 B = Non-inter-level travel time spent in this place.
 C = Inter-level travel time spent in this place.
 D = Time resting spent in this place.
 E = Time spent auto-exploring this place.
 F = Levels seen in this place.
 G = Mean time per level.
                   A        B        C        D        E       F      G
               +--------+--------+--------+--------+--------+-----+--------+
         Total |   2398 |   2360 |     38 |    114 |   1824 |   3 |  799.3 |
       Dungeon |   2398 |   2360 |     38 |    114 |   1824 |   3 |  799.3 |
               +--------+--------+--------+--------+--------+-----+--------+

Top non-repeatable levels by time:
     D:2: 998 daAuts
     D:1: 738 daAuts
     D:3: 662 daAuts
